 Dungeon Crawl Stone Soup version 0.19.4 (console) character file.

271 Kloppie the Skirmisher (level 6, -13/53 HPs)
             Began as a Formicid Fighter on Feb 6, 2017.
             Killed by divine providence
             ... invoked by an orc priest
              (17 damage)
             ... on level 3 of the Dungeon.
             The game lasted 00:04:59 (3663 turns).

Kloppie the Skirmisher (Formicid Fighter)           Turns: 3663, Time: 00:05:00

Health: -13/53     AC: 11    Str: 19    XL:     6   Next: 47%
Magic:  6/6        EV:  5    Int:  6    God:
Gold:   235        SH:  9    Dex: 11    Spells: 0 memorised, 5 levels left

rFire  . . .     SeeInvis +     a - +0 war axe
rCold  + . .     Gourm    .     s - +0 chain mail
rNeg   . . .     Faith    .     c - +0 shield
rPois  .         Spirit   .     (helmet unavailable)
rElec  .         Reflect  .     i - +0 cloak
rCorr  .         Harm     .     (no gloves)
MR     .....     Clarity  +     g - +0 pair of boots
Stlth  ..........               (no amulet)
                                (no ring)
                                m - ring of protection from cold

@: no status effects
A: permanent stasis, dig shafts and tunnels, four strong arms, antennae 3,
clarity, dopey 1, weak 1
a: Dig, Shaft Self


You were on level 3 of the Dungeon.
You were hungry.

You visited 1 branch of the dungeon, and saw 4 of its levels.

You collected 235 gold pieces.

Inventory:

Hand Weapons
 a - a +0 war axe (weapon)
Armour
 c - a +0 shield (worn)
 g - a +0 pair of boots (worn)
 i - a +0 cloak (worn)
 s - a +0 chain mail (worn)
Jewellery
 m - a ring of protection from cold (left hand)
Scrolls
 b - a scroll of remove curse {unknown}
 e - 3 scrolls of noise {unknown}
 j - a scroll of fog {unknown}
 l - 2 scrolls of identify {unknown}
 n - 2 scrolls of recharging {unknown}
 p - 2 scrolls of magic mapping {unknown}
 q - 2 scrolls of teleportation {unknown}
Potions
 h - 2 potions of ambrosia {unknown}
 o - a potion of haste {unknown}
 r - a potion of beneficial mutation {unknown}
Comestibles
 f - 3 bread rations
 k - a slice of pizza


   Skills:
 * Level 6.3 Fighting
 + Level 4.0 Axes
 - Level 3.2 Armour
 - Level 3.6 Shields


You had 5 spell levels left.
You didn't know any spells.

Dungeon Overview and Level Annotations

Branches:
Dungeon (4/15)
 Temple: D:4-7

Altars:
Vehumet


Innate Abilities, Weirdness & Mutations

You are under a permanent stasis effect.
You can dig through walls and to a lower floor.
Your four strong arms can wield two-handed weapons with a shield.
You have a pair of large antennae on your head. (SInv)
You possess an exceptional clarity of mind.
You are dopey. (Int -2)
You are weak. (Str -2)


Message History

The orc priest is almost dead.
You hit the orc priest but do no damage.
The orc priest barely misses you.
The orc priest hits you with a mace of protection.
* * * LOW HITPOINT WARNING * * *
You hit the orc priest.
You kill the orc priest!
Your Axes skill increases to level 4!
You closely miss the orc priest.
The orc priest hits you but does no damage.
You hit the orc priest but do no damage.
You block the orc priest's attack.
The orc priest calls down the wrath of Beogh upon you.
Beogh smites you!
* * * LOW HITPOINT WARNING * * *
You slash the orc priest!
The orc priest is almost dead.
The orc priest mumbles some strange prayers to Beogh against you.
Beogh smites you!
You die...

#.#######.#.######### #.# #.#
#####...........# ###'## #.#
#.......#######.# #.....
####'###.......# #.# #.....
#..............# ##.###.....
#..........#+#.######........##
#.......##.#.#.................
#.......##.#.#o###.#...#####.##
#.......##.#.#@).......# #.##
#.......##.#.#.#####...# #.#.
##########.#.#.# #...#####'#.
#.#.#.# #...#.......
#.#.#.#####...#.......
#.#.#.#.......#......#
#.#.#.........#####+##
#.#.#######...........
############.#.# #...#..#.###


You could see an orc priest.

Vanquished Creatures
  A howler monkey (D:4)
  An orc priest (D:3)
  2 worker ants (D:4)
  4 adders
  4 worms
  4 dart slugs
  5 leopard geckos
  5 orcs (D:3)
  A ball python (D:4)
  5 bats
  5 giant cockroaches
  14 hobgoblins
  10 jackals
  4 frilled lizards
  4 goblins
  8 kobolds
  17 rats
94 creatures vanquished.

Notes
Turn   | Place    | Note
-------+----------+-------------------------------------------
     0 | D:1      | Kloppie the Formicid Fighter began the quest for the Orb.
     0 | D:1      | Reached XP level 1. HP: 18/18 MP: 1/1
    83 | D:1      | Reached XP level 2. HP: 6/25 MP: 2/2
   510 | D:1      | Reached XP level 3. HP: 30/30 MP: 3/3
   539 | D:1      | Reached skill level 4 in Fighting
  1252 | D:2      | Reached XP level 4. HP: 38/38 MP: 4/4
  1502 | D:2      | Reached skill level 5 in Fighting
  1983 | D:2      | Reached XP level 5. HP: 44/44 MP: 5/5
  2314 | D:3      | You fall through a shaft!
  3303 | D:4      | Found a radiant altar of Vehumet.
  3317 | D:4      | Reached XP level 6. HP: 34/52 MP: 6/6
  3525 | D:4      | Reached skill level 6 in Fighting
  3658 | D:3      | Gained mutation: You are weak. (Str -2) [potion of mutation]
  3658 | D:3      | Gained mutation: You possess an exceptional clarity of mind. [potion of mutation]
  3658 | D:3      | Gained mutation: You are dopey. (Int -2) [potion of mutation]
  3663 | D:3      | Killed from afar by an orc priest

Skill      XL: |  1  2  3  4  5  6 |
---------------+-------------------+-----
Fighting       | 4 5 6 |  6.3
Axes           | 3 4 |  4.0
Armour         | |  3.2
Shields        | |  3.6

Action                   |  1- 3 |  4- 6 || total
-------------------------+-------+-------++-------
Melee: War axe           |    93 |   208 ||   301
 Abil: Dig               |       |     1 ||     1
  Use: Potion            |     1 |     1 ||     2
  Eat: Chunk             |     1 |     8 ||     9
Armor: Scale mail        |    40 |    46 ||    86
       Chain mail        |       |    51 ||    51
Dodge: Dodged            |    28 |    61 ||    89
Block: Shield            |    37 |   125 ||   162
